Match 42334166
Unlisted

Match 42334166
End
Scout Squad
Construct Barracks
1⁄4-ton 4x4 Truck
Selects Heavy Weapons
Riflemen Squad
Riflemen Squad
Riflemen Squad
Infantry Support Center
Grenade Package
Construct Weapon Support Center
Selects Assault Carriers
M3 Assault Carrier
Construct Medical Station
Engineer Squad
M1918 Browning Automatic Rifles
Selects Exchangeable Parts
M3 Assault Carrier
Riflemen Squad
Advanced Logistics
Survival Training
M1919 Machine Gun Team
Selects M26 Pershing Heavy Tank
Jaap
سَۨفُـيٰانۨوٰس
0
0

Comments sign in to comment!

No comments posted yet!